AoeStats
← QUISPE CHACAL

Hill Fort

506710308Analyzed
3v3 RM · 16d ago on Sep 14, 2026· 46m 51s· 6 players
Game mode
Random Map
Map size
Normal (6 player)
Population
200
Speed
Normal
Resources
Standard
Victory
Conquest
Starting age
Dark Age
Ending age
Imperial Age
RankedLock teamsTeams togetherTeam positionsShared explorationLock speedFull tech treeHidden civsTurbo modeCheats
Victory
Defeat
🇧🇷 Franks · Brazil
1039
+12
🇵🇹 Britons · Portugal
1005
+14
🇲🇽 Berbers · Mexico
987
+15
🇵🇪 Spanish · Peru
980
-14
🇵🇪 Turks · Peru
966
-14
🇵🇪 Wu · Peru
930
-13
joia-numerica6
7:16 Loom
9:27 Feudal Age
15:09 Castle Age
18:28 Fletching
21:51 Bodkin Arrow
25:38 Padded Archer Armor
27:07 Ballistics
28:45 Double-Bit Axe
29:15 Gold Mining
30:45 Yeomen
32:16 Town Watch
38:42 Imperial Age
38:45 Elite Longbowman
42:31 Bracer
45:08 Leather Archer Armor
46:04 Chemistry
46:20 Town Patrol
46:44 Spies/Treason
BearKing89
11:53 Feudal Age
17:09 Castle Age
15:27 Double-Bit Axe
16:37 Padded Archer Armor
18:25 Bow Saw
19:23 Gold Mining
20:49 Horse Collar
21:24 Loom
21:38 Fletching
22:44 Gold Shaft Mining
22:25 Stone Mining
24:48 Kasbah
26:20 Ballistics
31:15 Bodkin Arrow
31:35 Leather Archer Armor
36:07 Imperial Age
35:09 Thumb Ring
37:27 Wheelbarrow
36:15 Elite Camel Archer
37:32 Hoardings
37:18 Conscription
37:31 Bloodlines
37:22 Husbandry
39:43 Maghrebi Camels
41:26 Chemistry
danilomaxxcuritiba
11:00 Feudal Age
11:28 Double-Bit Axe
20:25 Castle Age
18:45 Stone Mining
19:31 Gold Mining
20:08 Fishing Lines
21:18 Bow Saw
22:51 Gold Shaft Mining
25:03 Wheelbarrow
24:18 Loom
26:21 Husbandry
26:52 Scale Barding Armor
27:23 Gillnets
27:57 Forging
31:23 Chain Barding Armor
31:39 Iron Casting
34:42 Imperial Age
32:20 Town Watch
33:30 Fletching
34:29 Caravan
35:57 Hand Cart
35:06 Cavalier
36:36 Plate Barding Armor
37:05 Conscription
37:33 Paladin
40:02 Chemistry
39:23 Ballistics
42:06 Blast Furnace
41:01 Bodkin Arrow
41:07 Murder Holes
43:37 Siege Engineers
44:15 Padded Archer Armor
b1t
11:14 Loom
19:48 Feudal Age
21:13 Wheelbarrow
23:40 Castle Age
21:37 Double-Bit Axe
22:18 Horse Collar
Rychiplay
4:18 Loom
12:46 Feudal Age
16:56 Castle Age
16:56 Double-Bit Axe
16:53 Horse Collar
19:54 Gold Mining
23:36 Imperial Age
21:55 Padded Archer Armor
23:33 Leather Archer Armor
24:17 Bow Saw
28:51 Fletching
33:45 Wheelbarrow
QUISPE CHACAL
16:39 Loom
22:05 Feudal Age
26:38 Castle Age
25:26 Horse Collar
28:11 Double-Bit Axe
41:54 Fletching
42:04 Padded Archer Armor
44:00 Masonry
43:47 Murder Holes
44:13 Ballistics
47:10 Wheelbarrow
Connection lost

Rejoining the realm…

Still unreachable

The connection could not be restored.

Session expired

The server has moved on; the page needs a fresh start.